 Dungeon Crawl Stone Soup version 0.25-a0-597-gb30770a (webtiles) character file.

Game seed: 10985822990271794671, levelgen mode: deterministic

8 Faels the Twirler (level 2, 22/22 HPs)
             Began as a Demonspawn Gladiator on Mar 14, 2020.
             Quit the game on level 1 of the Dungeon.
             The game lasted 00:00:52 (353 turns).

Faels the Twirler (Demonspawn Gladiator)             Turns: 353, Time: 00:00:53

Health: 22/22      AC:  6    Str: 14    XL:     2   Next: 0%
Magic:  2/2        EV: 12    Int:  9    God:
Gold:   9          SH:  0    Dex: 14    Spells: 1/1 levels left

rFire    . . .     SeeInvis .   a - +0 quarterstaff
rCold    . . .     Gourm    .   (shield currently unavailable)
rNeg     . . .     Faith    .   b - +0 leather armour
rPois    .         Spirit   .   c - +0 helmet
rElec    .         Reflect  .   (no cloak)
rCorr    .         Harm     .   (no gloves)
MR       .....                  e - +1 pair of boots
Stlth    +.........             (no amulet)
HPRegen  0.07/turn              (no ring)
MPRegen  0.08/turn              (no ring)

@: no status effects
A: hooves 1
a: no special abilities


You were on level 1 of the Dungeon.
You were not hungry.

You visited 1 branch of the dungeon, and saw 1 of its levels.

You collected 9 gold pieces.

Inventory:

Hand Weapons
 a - a +0 quarterstaff (weapon)
Missiles
 d - 3 throwing nets (quivered)
Armour
 b - a +0 leather armour (worn)
 c - a +0 helmet (worn)
 e - a +1 pair of boots (worn)
Scrolls
 g - 2 scrolls of identify {unknown}
 j - a scroll of immolation {unknown}
Potions
 i - 2 potions of brilliance {unknown}
 k - a potion of curing {unknown}
Comestibles
 f - a ration
 h - 4 chunks of flesh


   Skills:
 - Level 2.0 Fighting
 * Level 3.1 Staves
 - Level 1.7 Throwing
 - Level 2.6 Dodging
 + Level 0.7 Stealth


You had one spell level left.
You didn't know any spells.
Your spell library was empty.

Dungeon Overview and Level Annotations

Branches:
Dungeon (1/15)

Altars:


Innate Abilities, Weirdness & Mutations

You have large cloven feet.


Message History

You have reached level 2!
Your demonic ancestry asserts itself...
Your feet thicken and deform.
Found an escape hatch in the floor.
You see here a bat corpse.
You butcher the bat corpse.
h - 4 chunks of flesh (gained 1)
You see here a bat skeleton.
g - 2 scrolls labeled VEL ROUBRI (gained 1)
j - a scroll labeled MOPOSU MASMI You open the door.
There is an open door here.
i - 2 fuming emerald potions (gained 1)
You open the door.
There is an open door here.
You open the door.
There is an open door here.
k - a fizzy yellow potion
Found a stone staircase leading down.
Are you sure you want to abandon this character and quit the game? (Confirm with "yes".)

########## #........#
######........#
#....#........#
#....#........#
#....#........########
#....##'####..@.......
#....##.####........##
+....'...............>
###....##.####.##.###.#.
.......##.# #.# .# ..
#####..##.. .. .# #
######.######.. +#
...........#..
######.###.#


There were no monsters in sight!

Vanquished Creatures
  A dart slug (D:1)
  A bat (D:1)
  2 goblins (D:1)
  A ball python (D:1)
  A kobold (D:1)
6 creatures vanquished.

Notes
Turn   | Place    | Note
-------+----------+-------------------------------------------
     0 | D:1      | Faels the Demonspawn Gladiator began the quest for the Orb.
     0 | D:1      | Reached XP level 1. HP: 16/16 MP: 1/1
   258 | D:1      | Reached skill level 3 in Staves
   293 | D:1      | Gained mutation: You have large cloven feet. [demonic
                  | ancestry]
   293 | D:1      | Reached XP level 2. HP: 22/22 MP: 2/2
   353 | D:1      | Quit the game

Levels and vault maps discovered:
D:1:      kilobyte_arrival_exit_the_forest, layout_basic,
          minmay_misc_feat_rugged, moated_statue, grunt_decor_mini_mirrors

Skill      XL: |  1 |
---------------+----+-----
Staves         | 3 |  3.1
Fighting       | |  2.0
Throwing       | |  1.7
Dodging        | |  2.6
Stealth        | |  0.7

Action                   || total
-------------------------++-------
Melee: Quarterstaff      ||    19
 Stab: Sleeping          ||     1
Armor: Leather armour    ||     4
Dodge: Dodged            ||    12

Table legend:
 A = Non-vault XP
 B = Vault XP
 C = Vault XP percentage of total XP
 D = Non-vault monster count
 E = Vault monster count
 F = Vault count percentage of total count
                 A         B        C        D         E       F
            +---------+---------+-------+---------+---------+-------
      Total |      12 |       0 |   0.0 |       6 |       0 |   0.0
            +---------+---------+-------+---------+---------+-------
        D:1 |      12 |       0 |   0.0 |       6 |       0 |   0.0
            +---------+---------+-------+---------+---------+-------
